Workbook

Sheet Quadro Geral
A1: QUADRO GERAL - ITEM 2 - AGENTE DE PORTARIA
A2: 1.0 | B2: Mão de Obra
A3: Subitem | B3: EMPREGADO | G3: Quantidade de Posto (a) | H3: Vlr. Unitário por Empregado R$ (b) | I3: Quantidade de Empregado por Posto (c) | J3: Vlr. Mensal R$ (d= a x b x c) | K3: Vlr. Anual R$ (e= d x 12 meses) | L3: Vlr. Bienal R$ (f= e x 2 anos)
A4: 1.1 | B4: Agente de Portaria 44 Semanais | G4: 2 | H4: ='Agente de Portaria'!D95 -> 3618.84 | I4: 1 | J4: =ROUND(G4*H4*I4,2) -> 7237.68 | K4: =ROUND(J4*12,2) -> 86852.16 | L4: =ROUND(K4*2,2) -> 173704.32
A5: SubTotal Item 1.0 R$ → | G5: =SUM(G4:G4) -> 2 | H5: =ROUND(SUM(H4:H4),2) -> 3618.84 | I5: =SUM(I4:I4) -> 1 | J5: =ROUND(SUM(J4:J4),2) -> 7237.68 | K5: =ROUND(SUM(K4:K4),2) -> 86852.16 | L5: =ROUND(SUM(L4:L4),2) -> 173704.32
A7: 2.0 | B7: Custo por Demanda | J7: Vlr. Mensal R$ (g) | K7: Vlr. Anual R$ (h = g x 12 meses) | L7: Vlr. Bienal R$ (i= h x 2 anos)
A8: 2.1. | B8: Horas Extras | J8: ='Previsão de Horas-Extras'!E12 -> 182.2 | K8: =ROUND(J8*12,2) -> 2186.4 | L8: =ROUND(K8*2,2) -> 4372.8
A9: SubTotal Item 2.0 R$ → | J9: =ROUND(SUM(J8),2) -> 182.2 | K9: =ROUND(SUM(K8),2) -> 2186.4 | L9: =ROUND(SUM(L8),2) -> 4372.8
A11: TOTAL MENSAL (SubTotal Item 1.0 + Item 2.0) R$ → | J11: =ROUND(J5+J9,2) -> 7419.88
A12: TOTAL ANUAL (TOTAL MENSAL X 12 MESES) R$ → | J12: =ROUND(J11*12,2) -> 89038.56
A13: TOTAL BIANUAL (TOTAL ANUAL X 2 ANOS) R$ → | J13: =ROUND(J12*2,2) -> 178077.12
H15: 44245
A18: Elaborado por:
D19: (Nome do Representante) Representante da Empresa

Sheet Agente de Portaria
A1: PLANILHA ORÇAMENTÁRIA DE REFERÊNCIA DE FORMAÇÃO DE CUSTO DE MÃO DE OBRA
A2: Tipo de serviço: | B2: Agente de Portaria 44hrs Semanais | G2: OBSERVAÇÃO
A3: CBO: | B3: 5174-15 | G3: REMUNERAÇÃO - Não serão aceitos valores de salário-base menores que os estabelecidos na planilha. Os demais valores são apenas estimativos e devem ser cotados de acordo com a Convenção Coletiva de Trabalho indicada e a legislação pertinente. INSUMOS - Os insumos foram calculados conforme Convenção Coletiva de Trabalho - CCT 2021/2023 de N.º Registro no MTE: AM000042/2021, N.º da Solicitação: MR002652/2021 e N.º do Processo: 13621.100902/2021-12. LUCRO E DESPESAS INDIRETAS - Eventuais custos não previstos expressamente na memória de cálculo (Exemplo Auxilio/Morte Funeral e Seguro de Vida) devem ser cobertos pelo LDI (Lucro e Despesas Indiretas). TRIBUTAÇÃO - A licitante deve elaborar sua proposta e, por conseguinte, sua planilha com base no regime de tributação ao qual estará submetida durante a execução do contrato.
A4: Unidade de medida: | B4: Empregado
A5: Quantidade total a contratar (em função da unidade de medida): | B5: 1
A6: Convenção Coletiva de Trabalho/Acordo/ Dissídio Coletivo de Trabalho: | B6: CCT 2021/2023 de N.º Registro no MTE: AM000042/2021, N.º da Solicitação: MR002652/2021 e N.º do Processo: 13621.100902/2021-12.
A9: MÃO DE OBRA VINCULADA À EXECUÇÃO CONTRATUAL
A10: SEÇÃO I - COMPOSIÇÃO DA REMUNERAÇÃO (R$) | E10: FUNDAMENTO/METODOLOGIA | K10: INFORMAÇÕES COMPLEMENTARES
A11: Composição da Remuneração | C11: % | D11: Valor (R$)
A12: Salário Base | C12: - | D12: 1200 | E12: CCT 2021/2023 de N.º Registro no MTE: AM000042/2021, N.º da Solicitação: MR002652/2021 e N.º do Processo: 13621.100902/2021-12.
A13: Outros | D13: =C13*D12/100 -> 0 | E13: -
A14: TOTAL DA REMUNERAÇÃO (R$) | D14: =ROUND(SUM(D12:D13),2) -> 1200
A16: SEÇÃO II - ENCARGOS SOCIAIS INCIDENTES SOBRE A REMUNERAÇÃO (R$) | E16: FUNDAMENTO/METODOLOGIA
A17: GRUPO A - ENCARGOS | C17: % | D17: Valor (R$)
A18: A.01 SEGURIDADE SOCIAL | C18: 0.2 | D18: =ROUND($D$14*C18,2) -> 240 | E18: Art. 2°, § 3º, da Lei 11.457, de 16 de março de 2007.
A19: A.02 FGTS | C19: 0.08 | D19: =ROUND($D$14*C19,2) -> 96 | E19: Art. 15, Lei nº 8.036/90 e Art. 7º, III, CF.
A20: A.03 SESI/SESC | C20: 0.015 | D20: =ROUND($D$14*C20,2) -> 18 | E20: Art. 30, Lei 8.036, de 11 de maio de 1990.
A21: A.04 SENAI/SENAC | C21: 0.01 | D21: =ROUND($D$14*C21,2) -> 12 | E21: Art. 1º, caput, Decreto-Lei 6.246, de 1944 (SENAI) e art. 4º, caput do Decreto-Lei 8.621, de 1946. (SENAC).
A22: A.05 INCRA | C22: 0.002 | D22: =ROUND($D$14*C22,2) -> 2.4 | E22: Art. 1°, I, 2 c/c art. 3°, ambos do Decreto-Lei 1.146, de 31 de dezembro de 1970.
A23: A.06 SEBRAE | C23: 0.006 | D23: =ROUND($D$14*C23,2) -> 7.2 | E23: Art. 8º, Lei 8.029, de 12 de abril de 1990.
A24: A.07 Salário Educação | C24: 0.025 | D24: =ROUND($D$14*C24,2) -> 30 | E24: Art. 3º, Inciso I, Decreto 87.043, de 22 de março de 1982.
A25: A.08 Riscos Ambientais do Trabalho – RAT x FAP | C25: 0.06 | D25: =ROUND($D$14*C25,2) -> 72 | E25: RAT: 3% (Serviços combinados para apoio a edifícios – código 8111-7/00, do Anexo V do Decreto nº 3.048/1999) X FAP: 2,000 (Padrão);
A26: TOTAL - GRUPO A - ENCARGOS | C26: =ROUND(SUM(C18:C25),5) -> 0.398 | D26: =ROUND(SUM(D18:D25),2) -> 477.6
A28: GRUPO B | C28: % | D28: Valor (R$) | E28: FUNDAMENTO/METODOLOGIA | K28: INFORMAÇÕES COMPLEMENTARES
A29: B.01 13º Salário | C29: =ROUND(1/12,5) -> 0.08333 | D29: =ROUND($D$14*C29,2) -> 100 | E29: [(1/12)x100] = 8,333% - Art. 7º, VIII, CF/88 | K29: B.03 - Redução de 7 dias ou de 2h por dia para 100 % dos empregados. Percentual relativo a contrato de 12 (doze) meses. B.04 - De acordo com dados do MTPS, foram concedidos 1.462.463 benefícios de auxílio doença urbano no ano de 2013 em uma população de contribuintes para o INSS de 54.796.761 pessoas (http://www.mtps.gov.br/dados-abertos/dados-da-previdencia/previdencia-social-e- INSS/boletim-estatístico-da-previdência-social-beps). B.05 - Estimativa de 1 licença de 15 dias por ano para 1,22% dos empregados. Esta taxa foi obtida pela proporção de acidentes de trabalho registrados, 717.911, conforme dados do Anuário Estatístico da Previdência Social – AEPS/2013, em relação a 58.981.000 de trabalhadores que fazem jus a emissão da CAT (trabalhadores com carteira assinada, outros tipos de trabalhadores e domésticas), conforme dados da PNAD 2013. B.06 - Estimativa de 1,4947 ausências por ano, de acordo com a IN 2/2008-MPOG. B.07 - Estimativa de 1,416% (taxa de natalidade da população brasileira/IBGE) de empregadas usufruindo 4 meses de licença por ano. B.08 - Estimativa de 1,416% (taxa de natalidade da população brasileira/IBGE) dos empregados usufruindo 5 dias da licença por ano.
A30: B.02 Férias (sem o abono de 1/3) | C30: =ROUND((1/12),5) -> 0.08333 | D30: =ROUND($D$14*C30,2) -> 100 | E30: [(1/12]x100] = 8,333% - Art. 7º, XVII, CF/88
A31: B.03 Aviso Prévio Trabalhado | C31: =ROUND((((100% / 30) * 7) / 12),5) -> 0.01944 | D31: =ROUND($D$14*C31,2) -> 23.33 | E31: [(100% / 30) x 7] / 12 = 1,944% - Art. 7º, XXI, CF/88, 477, 487 e ss. da CLT
A32: B.04 Auxílio Doença | C32: =ROUND((1462463/54796761)/12,5) -> 0.00222 | D32: =ROUND($D$14*C32,2) -> 2.66 | E32: (Benefícios de auxílio doença urbano/ População Economicamente Ativa Ocupada) / 12 = 0,222% - Art. 59 e ss. Da Lei nº 8.213/91
A33: B.05 Acidente de Trabalho | C33: =ROUND((((100% /30) * 15) / 12) * 1.22%,5) -> 0.00051 | D33: =ROUND($D$14*C33,2) -> 0.61 | E33: {[(100% /30) x 15] / 12} x (nºCAT/População INSS CAT) = 0,051% - Art. 19 a 23 da Lei nº 8.213/91
A34: B.06 Faltas Legais | C34: =ROUND(((100%/30)*1.4947)/12,5) -> 0.00415 | D34: =ROUND($D$14*C34,2) -> 4.98 | E34: [(100% / 30) x 1,4947] / 12 = 0,415% - Art. 473 da CLT
A35: B.07 Férias sobre Licença Maternidade | C35: =ROUND((8.333%*1.416%*4/12),5) -> 0.00039 | D35: =ROUND($D$14*C35,2) -> 0.47 | E35: [(8,333% x 1,416% x 4/12) x 100] = 0,039% - Impacto do item férias sobre a licença maternidade
A36: B.08 Licença Paternidade | C36: =ROUND((((100%/30)*5)/12)*1.416%,5) -> 0.0002 | D36: =ROUND($D$14*C36,2) -> 0.24 | E36: {[(100% /30) x 5] / 12} x 1,416% = 0,020% - Art. 7º, XIX, CF/88 e 10, §1º, da ADCT
A37: TOTAL - GRUPO B | C37: =ROUND(SUM(C29:C36),5) -> 0.19357 | D37: =ROUND(SUM(D29:D36),2) -> 232.29
A39: GRUPO C | C39: % | D39: Valor (R$) | E39: FUNDAMENTO/METODOLOGIA | K39: INFORMAÇÕES COMPLEMENTARES
A40: C.01 Aviso Prévio Indenizado | C40: =ROUND(1/12*5%,5) -> 0.00417 | D40: =ROUND($D$14*C40,2) -> 5 | E40: {[0,05x(1/12)]x100} = 0,417% - Art. 7º, XXI, CF/88, 477, 487 e ss. CLT | K40: C.01 - Estimativa de que 5% (cinco por cento) dos empregados serão substituídos durante um ano. C.02 - Estimativa de que 3,4275% dos empregados receberão indenização de acordo com a média nacional de 12 meses (abril 2015 - março 2016) da Taxa de Rotatividade por Nível Geográfico - M.T.E./CAGED. C.03 - Multa de 40% do FGTS em relação aos trabalhadores contratados. Obs: Esta extinguida a cobrança da contribuição social de 10% devida pelos empregadores em caso de despedida sem justa causa, conforme Lei Federal n.º 13.932/2019.
A41: C.02 Indenização Adicional | C41: =ROUND(1/12*3.4275%,5) -> 0.00286 | D41: =ROUND($D$14*C41,2) -> 3.43 | E41: [1/12 x 3,4275%] = 0,286% - Art. 9º da Lei nº 7.238, de 1984
A42: C.03 Indenização (rescisão sem justa causa – multa de 40% do FGTS) | C42: =ROUND(40%*8%,5) -> 0.032 | D42: =ROUND($D$14*C42,2) -> 38.4 | E42: (1x0,40x0,08x100) = 3,200% - Art. 18, §1º da Lei 8.036/90
A43: C.04 Abono de Férias - 1/3 constitucional | C43: =ROUND(1/3*1/12,5) -> 0.02778 | D43: =ROUND($D$14*C43,2) -> 33.34 | E43: [(1/3)/12x100] = 2,778% - Art. 7º, XVII, CF/88
A44: C.05 Abono de Férias - 1/3 constitucional sobre licença maternidade | C44: =ROUND(1/3*C35,5) -> 0.00013 | D44: =ROUND($D$14*C44,2) -> 0.16 | E44: {[(1/3)/12]x0,02x(4/12) x100]} = 0,013% - Art. 7º, XVII, CF/88
A45: TOTAL - GRUPO C | C45: =ROUND(SUM(C40:C44),5) -> 0.06694 | D45: =ROUND(SUM(D40:D44),2) -> 80.33
A47: GRUPO D | C47: % | D47: Valor (R$) | E47: FUNDAMENTO/METODOLOGIA
A48: D.01 Incidência dos encargos do grupo A sobre o grupo B | C48: =ROUND(C26*C37,5) -> 0.07704 | D48: =ROUND($D$14*C48,2) -> 92.45 | E48: D.01 = 0,3980 x 0,19357 = 7,704%
A49: TOTAL - GRUPO D | C49: =ROUND(SUM(C48),5) -> 0.07704 | D49: =ROUND(SUM(D48),2) -> 92.45
A51: GRUPO E | C51: % | D51: Valor (R$) | E51: FUNDAMENTO/METODOLOGIA | K51: INFORMAÇÕES COMPLEMENTARES
A52: E.01 Incidência do FGTS sobre o aviso prévio indenizado | C52: =ROUND(8%*C40,5) -> 0.00033 | D52: =ROUND($D$14*C52,2) -> 0.4 | E52: A.02 x C.01 = (0,08x0,00417)x100 0,033% - Súmula nº 305 do TST | K52: E.02 - Estimativa de que 8% (oito por cento) dos empregados sofrem acidentes durante o ano, com ausência média de 30 dias durante o ano. O percentual do FGTS (8%) será aplicado somente sobre os 15 dias restantes do afastamento, porque os 15 primeiros dias já foram calculados no item B.05.
A53: E.02 Incidência do FGTS sobre o período médio de afastamento superior a 15 dias motivado por acidente do trabalho | C53: =ROUND(8%*C33,5) -> 4e-05 | D53: =ROUND($D$14*C53,2) -> 0.05 | E53: A.02 x B.05 (0,08x0,0051)x100 0,004% - Lei 8.036, de 1990, art. 15, §5º
A54: E.03 Incidência de FGTS sobre férias 1/3 constitucional | C54: =ROUND(C19*C43,5) -> 0.00222 | D54: =ROUND($D$14*C54,2) -> 2.66 | E54: A.02 x C.04 (0,08x0,02778)x100 0,222% - Lei 8.036, de 1990, art. 15, §5º
A55: TOTAL - GRUPO E | C55: =ROUND(SUM(C52:C54),5) -> 0.00259 | D55: =ROUND(SUM(D52:D54),2) -> 3.11
A57: GRUPO F | C57: % | D57: Valor (R$) | E57: FUNDAMENTO/METODOLOGIA
A58: F.01 Incidência dos encargos do Grupo A sobre os valores constantes da base de cálculo referente ao salário maternidade | C58: =ROUND(C26*(4/12)*2/100,5) -> 0.00265 | D58: =ROUND($D$14*C58,2) -> 3.18 | E58: F.01 = (Encargos Grupo A) x (Remuneração) x 4/12 x 2%, em que: Encargos do Grupo A = 0,3980; 4/12 = período de 4 meses de licença em um ano; 2% = Estimativa de que 2% dos empregados usufruirão da licença maternidade de 4 meses em um ano. F.01 = 0,39800x(4/12)x(2/100) = 0,265%
A59: TOTAL - GRUPO F | C59: =ROUND(SUM(C58),5) -> 0.00265 | D59: =ROUND(SUM(D58),2) -> 3.18
A60: TOTAL - ENCARGOS SOCIAIS (R$) | C60: =ROUND(C26+C37+C45+C49+C55+C59,5) -> 0.74079 | D60: =ROUND(D26+D37+D45+D49+D55+D59,2) -> 888.96
A62: VALOR TOTAL DE REMUNERAÇÃO + ENCARGOS SOCIAIS (R$) | D62: =D14+D60 -> 2088.96
A64: SEÇÃO III - INSUMOS | E64: FUNDAMENTO/METODOLOGIA | K64: INFORMAÇÕES COMPLEMENTARES
A65: Insumos | D65: Valor (R$)
A66: Vale Refeição | D66: =ROUND(20.5*22,2) -> 451 | E66: Vale refeição: O valor do vale refeição foi calculado de acordo com a convenção coletiva de trabalho firmada entre os sindicatos das categorias profissionais e econômicas envolvidas na prestação dos serviços ora licitados. Vale refeição = valor diário x 22 Onde: O valor diário é R$ 20,50, conforme Cláusula Sétima, da CCT 2021/2023 de N.º Registro no MTE: AM000042/2021, N.º da Solicitação: MR002652/2021 e N.º do Processo: 13621.100902/2021-12. O 22 é o número médio de dias efetivamente trabalhado pelos empregados no mês.
A67: Desconto sobre o vale refeição (máximo 5% do vale refeição) | D67: =ROUND(($D$66*5%)*-1,2) -> -22.55 | E67: Dedução legal do vale refeição: O valor da dedução do vale refeição está de acordo com a Cláusula Sétima, Parágrafo Segundo, da CCT 2021/2023 de N.º Registro no MTE: AM000042/2021, N.º da Solicitação: MR002652/2021 e N.º do Processo: 13621.100902/2021-12.
A68: Cesta Básica | D68: 105 | E68: Conforme Cláusula Oitava da CCT 2021/2023 de N.º Registro no MTE: AM000042/2021, N.º da Solicitação: MR002652/2021 e N.º do Processo: 13621.100902/2021-12.
A69: Vale transporte | D69: =ROUND(3.8*2*22,2) -> 167.2 | E69: O vale transporte foi baseado no preço da passagem praticada na cidade de Manaus-AM (R$ 3,80), em fevereiro de 2021, considerando o trajeto de ida e volta residência/Coren-AM. Vale transporte = VTx2x22
A70: Desconto legal sobre transporte (máximo 6% do salário-base) | D70: =ROUND(($D$12*6%)*-1,2) -> -72 | E70: Dedução legal do vale transporte: O valor da dedução do vale transporte está de acordo com o art. 4º, parágrafo único da Lei 7.418, de 16 de dezembro de 1985 e Cláusula Nona, Parágrafo Segundo, da CCT 2021/2023 de N.º Registro no MTE: AM000042/2021, N.º da Solicitação: MR002652/2021 e N.º do Processo: 13621.100902/2021-12.
A71: Plano Odontológico | D71: 10 | E71: Conforme Cláusula Décima Terceira, Parágrafo Primeiro da CCT 2021/2023 de N.º Registro no MTE: AM000042/2021, N.º da Solicitação: MR002652/2021 e N.º do Processo: 13621.100902/2021-12.
A72: Desconto legal sobre plano de odontológico (máximo R$ 2,00 do plano) | D72: -2 | E72: Conforme Cláusula Décima Terceira, Parágrafo Primeiro da CCT 2021/2023 de N.º Registro no MTE: AM000042/2021, N.º da Solicitação: MR002652/2021 e N.º do Processo: 13621.100902/2021-12.
A73: Uniforme | D73: ='Uniforme Agente'!F12 -> 113.01 | E73: Conforme planilha de Uniforme Agente de Portaria
A74: Equipamento | D74: =Equipamento!F13 -> 36 | E74: Conforme planilha de Equipamento Agente de Portaria
A75: TOTAL - INSUMOS (R$) | D75: =ROUND(SUM(D66:D74),2) -> 785.66
A77: TOTAL DE REMUNERAÇÃO + ENCARGOS SOCIAIS + INSUMOS (R$) | D77: =ROUND(D62+D75,2) -> 2874.62
A79: SEÇÃO IV - LDI E TRIBUTAÇÃO | E79: FUNDAMENTO/METODOLOGIA | K79: INFORMAÇÕES COMPLEMENTARES
A80: LUCRO E DESPESAS INDIRETAS (LDI) | C80: % | D80: Valor (R$)
A81: Despesas Administrativas/Operacionais | C81: 0.05 | D81: =ROUND(D77*C81,2) -> 143.73 | E81: Lucro e Despesas Indiretas – LDI: Para fins de estimativa da CONTRATANTE, em Lucro e Despesas Indiretas - LDI, foram consideradas as despesas administrativas e operacionais (5%) e a margem de lucro (10%).
A82: Lucro | C82: 0.1 | D82: =ROUND(D77*C82,2) -> 287.46
A83: TOTAL - LUCRO E DESPESAS INDIRETAS | C83: =ROUND(SUM(C81:C82),5) -> 0.15 | D83: =SUM(D81:D82) -> 431.19
A85: TOTAL DE REMUNERAÇÃO + ENCARGOS SOCIAIS + INSUMOS + INTRAJORNADA + LDI (R$) | D85: =ROUND(D77+D83,2) -> 3305.81
A87: BASE DE CÁLCULO PARA TRIBUTO | C87: =ROUND(1-(SUM(C90:C92)/1),5) -> 0.9135 | D87: =ROUND(D85/C87,2) -> 3618.84
A89: TRIBUTAÇÃO SOBRE FATURAMENTO | C89: % | D89: Valor (R$) | E89: FUNDAMENTO/METODOLOGIA | K89: INFORMAÇÕES COMPLEMENTARES
A90: ISS | C90: 0.05 | D90: =ROUND($D$87*C90,2) -> 180.94 | E90: Os tributos (ISS, COFINS e PIS) foram definidos utilizando o regime de tributação de Lucro PRESUMIDO.
A91: COFINS | C91: 0.03 | D91: =ROUND($D$87*C91,2) -> 108.57
A92: PIS | C92: 0.0065 | D92: =ROUND($D$87*C92,2) -> 23.52
A93: TOTAL - TRIBUTAÇÃO SOBRE FATURAMENTO | C93: =ROUND(SUM(C90:C92),5) -> 0.0865 | D93: =ROUND(SUM(D90:D92),2) -> 313.03
A95: PREÇO MENSAL PARA 1 (UM) EMPREGADO (R$) | D95: =ROUND(D85+D93,2) -> 3618.84
A96: PREÇO ANUAL PARA 1 (UM) POSTO (R$) - PREÇO MENSAL X 12 MESES | D96: =ROUND(D95*12,2) -> 43426.08
A98: Item | D98: %
A99: TOTAL - GRUPO A - ENCARGOS | D99: =C26 -> 0.398
A100: TOTAL - GRUPO B | D100: =C37 -> 0.19357
A101: TOTAL - GRUPO C | D101: =C45 -> 0.06694
A102: TOTAL - GRUPO D | D102: =C49 -> 0.07704
A103: TOTAL - GRUPO E | D103: =C55 -> 0.00259
A104: TOTAL - GRUPO F | D104: =C59 -> 0.00265
A105: TOTAL ENCARGOS SOCIAIS | D105: =ROUND(SUM(D99:D104),5) -> 0.74079

Sheet Uniforme Agente
A1: UNIFORME - Agente de Portaria
A2: Item | B2: Descrição | C2: Unidade de Medida | D2: Qtde. Anual (a) | E2: Valor Médio Unitário (R$) (b) | F2: Custo Total (R$) (c = a x b)
A3: =1 -> 1 | B3: Calça | C3: Und. | D3: 6 | E3: 37.95 | F3: =ROUND(E3*D3,2) -> 227.7
A4: =A3+1 -> 2 | B4: Camisa | C4: Und. | D4: 8 | E4: 40.86 | F4: =ROUND(E4*D4,2) -> 326.88
A5: =A4+1 -> 3 | B5: Fiel duplo | C5: Und. | D5: 2 | E5: 42.51 | F5: =ROUND(E5*D5,2) -> 85.02
A6: =A5+1 -> 4 | B6: Cinto | C6: Und. | D6: 2 | E6: 23.33 | F6: =ROUND(E6*D6,2) -> 46.66
A7: =A6+1 -> 5 | B7: Meias longas de algodão, cor preta | C7: Par | D7: 4 | E7: 67.48 | F7: =ROUND(E7*D7,2) -> 269.92
A8: =A7+1 -> 6 | B8: Sapato | C8: Par | D8: 2 | E8: 178.67 | F8: =ROUND(E8*D8,2) -> 357.34
A9: =A8+1 -> 7 | B9: Boné | C9: Und. | D9: 1 | E9: 37.66 | F9: =ROUND(E9*D9,2) -> 37.66
A10: =A9+1 -> 8 | B10: Crachá | C10: Und. | D10: 1 | E10: 4.98 | F10: =ROUND(E10*D10,2) -> 4.98
A11: Custo Global Uniforme (R$) (∑ do Custo Total) → | F11: =ROUND(SUM(F3:F10),2) -> 1356.16
A12: Custo Mensal Uniforme (R$) (Custo Global ÷ 12 meses) → | F12: =ROUND(F11/12,2) -> 113.01
A14: FONTE DOS VALORES
A15: Consulta no Painel de Preços e Sites Especializados de Dominio Amplo em fev/2021

Sheet Equipamento
A1: EQUIPAMENTO - Agente de Portaria
A2: EQUIPAMENTO
A3: Item | B3: Descrição | C3: Unidade de Medida | D3: Quant. Total (a) | E3: Valor Médio Unitário (R$) (b) | F3: Custo Total (R$) (c = a x b)
A4: =1 -> 1 | B4: Livro de ocorrências | C4: Uni. | D4: 1 | E4: 14.7 | F4: =ROUND(D4*E4,2) -> 14.7
A5: =A4+1 -> 2 | B5: Lanterna tipo cotovelo | C5: Uni. | D5: 1 | E5: 151.33 | F5: =ROUND(D5*E5,2) -> 151.33
A6: =A5+1 -> 3 | B6: Capa de Chuva tipo poncho militar | C6: Uni. | D6: 1 | E6: 66.49 | F6: =ROUND(D6*E6,2) -> 66.49
A7: =A6+1 -> 4 | B7: Radio comunicador completo (com bateria e carregador) Referência Motorola DEP 450 | C7: Uni. | D7: 1 | E7: 1770.6 | F7: =ROUND(D7*E7,2) -> 1770.6
A8: =A7+1 -> 5 | B8: Apito | C8: Uni. | D8: 1 | E8: 13.71 | F8: =ROUND(D8*E8,2) -> 13.71
A9: =A8+1 -> 6 | B9: Detector de Metal tipo raquete | C9: Uni. | D9: 1 | E9: 687.15 | F9: =ROUND(D9*E9,2) -> 687.15
A10: Custo Global (R$) (∑ do Custo Total) → | F10: =ROUND(SUM(F4:F9),2) -> 2703.98
A11: Custo Mensal com a Manutenção dos Equipamentos: (k x 83 x V0/VU) → | F11: =ROUND(0.6*83*F10/10000,2) -> 13.47
A12: Custo Mensal com a Depreciação dos Equipamentos: [Valor total dos equipamentos x (1,00-0,20)]/(12x8) → | F12: =ROUND(F10*(1-0.2)/(12*8),2) -> 22.53
A13: Custo Mensal Manut. Depre. dos Equipamentos (R$) (Custo Mensal Manutenção + Depreciação) → | F13: =ROUND(F11+F12,2) -> 36
A15: FONTE DOS VALORES
A16: Consulta no Painel de Preços e Sites Especializados de Dominio Amplo em fev/2021
A19: NOTA MANUTENÇÃO DOS EQUIPAMENTOS
A20: Valor do insumo Manutenção de Equipamentos foi obtido adotando-se a metodologia das Tabelas de Composições de Preços para Orçamentação, publicação da Editora Pini, para equipamentos de pequeno porte (aproximadamente 1,5HP), com utilização, em média, de 83h/mês, em conjunto com o Manual de Custos Rodoviários do DNIT, Volume 1, de 2003: K = 0,6 (conforme adotado pelo Sicro2 /DNIT – Manual de Custos Rodoviários – Volume 1, página 83); VU = Vida Útil = 10.000 horas V0 = Valor de aquisição do equipamento
A22: NOTA DEPRECIAÇÃO DOS EQUIPAMENTOS
A23: Para o cálculo do insumo Depreciação de Equipamentos, adotou-se vida útil de 8 anos e valor residual de 20%, com base no Manual de Custos Rodoviários do DNIT, volume 1, de 2003.

Sheet Previsão de Horas-Extras
A1: Tabela de Horas-Extras - Agente de Portaria
A2: A - ESTIMATIVA DE HORAS EXTRAORDINARIAS ANUAL - SABADO E DIAS ÚTEIS
A3: Categoria Profissional | B3: Qtde. de Profissionais - a | C3: Qtde. de Horas-Extras - b | D3: Valor da Hora Extra (R$) - c | E3: Custo (R$) - d = a x b x c
A4: Agente de Portaria | B4: 2 | C4: 40 | D4: ='Agente Horas-Extras'!D93 -> 16.4 | E4: =ROUND(B4*C4*D4,2) -> 1312
A5: TOTAL - A (R$) | E5: =ROUND(SUM(E4),2) -> 1312
A7: B - ESTIMATIVA DE HORAS EXTRAORDINARIAS ANUAL - DOMINGOS E FERIADOS
A8: Categoria Profissional | B8: Qtde. de Profissionais - a | C8: Qtde. de Horas-Extras - b | D8: Valor da Hora Extra (R$) - c | E8: Custo (R$) - d = a x b x c
A9: Agente de Portaria | B9: 2 | C9: 20 | D9: ='Agente Horas-Extras'!D94 -> 21.86 | E9: =ROUND(B9*C9*D9,2) -> 874.4
A10: TOTAL - B (R$) | E10: =ROUND(SUM(E9),2) -> 874.4
A11: C - CUSTO ANUAL COM HORAS EXTRAS (A+B) | E11: =ROUND(E5+E10,2) -> 2186.4
A12: D - CUSTO MENSAL COM HORAS EXTRAS (C ÷ 12) | E12: =ROUND(E11/12,2) -> 182.2

Sheet Agente Horas-Extras
A1: PLANILHA ORÇAMENTÁRIA DE REFERÊNCIA DE FORMAÇÃO DE CUSTO DE HORAS-EXTRAS/EXTRAODINÁRIO
A2: Tipo de serviço: | B2: Agente de Portaria 44hrs Semanais
A3: CBO: | B3: 5174-15
A4: Unidade de medida: | B4: Empregado
A5: Quantidade total a contratar (em função da unidade de medida): | B5: 1
A6: Convenção Coletiva de Trabalho/Acordo/ Dissídio Coletivo de Trabalho: | B6: CCT 2021/2023 de N.º Registro no MTE: AM000042/2021, N.º da Solicitação: MR002652/2021 e N.º do Processo: 13621.100902/2021-12.
A9: MÃO DE OBRA VINCULADA À EXECUÇÃO CONTRATUAL
A10: SEÇÃO I - COMPOSIÇÃO DA REMUNERAÇÃO (R$)
A11: Composição da Remuneração | C11: % | D11: Valor (R$)
A12: Salário Base | C12: - | D12: 1200
A13: Outros | D13: =C13*D12/100 -> 0
A14: TOTAL DA REMUNERAÇÃO (R$) | D14: =ROUND(SUM(D12:D13),2) -> 1200
A16: SEÇÃO II - ENCARGOS SOCIAIS INCIDENTES SOBRE A REMUNERAÇÃO (R$)
A17: GRUPO A - ENCARGOS | C17: % | D17: Valor (R$)
A18: A.01 SEGURIDADE SOCIAL | C18: 0.2 | D18: =ROUND($D$14*C18,2) -> 240
A19: A.02 FGTS | C19: 0.08 | D19: =ROUND($D$14*C19,2) -> 96
A20: A.03 SESI/SESC | C20: 0.015 | D20: =ROUND($D$14*C20,2) -> 18
A21: A.04 SENAI/SENAC | C21: 0.01 | D21: =ROUND($D$14*C21,2) -> 12
A22: A.05 INCRA | C22: 0.002 | D22: =ROUND($D$14*C22,2) -> 2.4
A23: A.06 SEBRAE | C23: 0.006 | D23: =ROUND($D$14*C23,2) -> 7.2
A24: A.07 Salário Educação | C24: 0.025 | D24: =ROUND($D$14*C24,2) -> 30
A25: A.08 Riscos Ambientais do Trabalho – RAT x FAP | C25: 0.06 | D25: =ROUND($D$14*C25,2) -> 72
A26: TOTAL - GRUPO A - ENCARGOS | C26: =ROUND(SUM(C18:C25),5) -> 0.398 | D26: =ROUND(SUM(D18:D25),2) -> 477.6
A28: GRUPO B | C28: % | D28: Valor (R$)
A29: B.01 13º Salário | C29: =ROUND(1/12,5) -> 0.08333 | D29: =ROUND($D$14*C29,2) -> 100
A30: B.02 Férias (sem o abono de 1/3) | C30: =ROUND((1/12),5) -> 0.08333 | D30: =ROUND($D$14*C30,2) -> 100
A31: B.03 Aviso Prévio Trabalhado | C31: =ROUND((((100% / 30) * 7) / 12),5) -> 0.01944 | D31: =ROUND($D$14*C31,2) -> 23.33
A32: B.04 Auxílio Doença | C32: =ROUND((1462463/54796761)/12,5) -> 0.00222 | D32: =ROUND($D$14*C32,2) -> 2.66
A33: B.05 Acidente de Trabalho | C33: =ROUND((((100% /30) * 15) / 12) * 1.22%,5) -> 0.00051 | D33: =ROUND($D$14*C33,2) -> 0.61
A34: B.06 Faltas Legais | C34: =ROUND(((100%/30)*1.4947)/12,5) -> 0.00415 | D34: =ROUND($D$14*C34,2) -> 4.98
A35: B.07 Férias sobre Licença Maternidade | C35: =ROUND((8.333%*1.416%*4/12),5) -> 0.00039 | D35: =ROUND($D$14*C35,2) -> 0.47
A36: B.08 Licença Paternidade | C36: =ROUND((((100%/30)*5)/12)*1.416%,5) -> 0.0002 | D36: =ROUND($D$14*C36,2) -> 0.24
A37: TOTAL - GRUPO B | C37: =ROUND(SUM(C29:C36),5) -> 0.19357 | D37: =ROUND(SUM(D29:D36),2) -> 232.29
A39: GRUPO C | C39: % | D39: Valor (R$)
A40: C.01 Aviso Prévio Indenizado | C40: =ROUND(1/12*5%,5) -> 0.00417 | D40: =ROUND($D$14*C40,2) -> 5
A41: C.02 Indenização Adicional | C41: =ROUND(1/12*3.4275%,5) -> 0.00286 | D41: =ROUND($D$14*C41,2) -> 3.43
A42: C.03 Indenização (rescisão sem justa causa – multa de 40% do FGTS) | C42: =ROUND(40%*8%,5) -> 0.032 | D42: =ROUND($D$14*C42,2) -> 38.4
A43: C.04 Abono de Férias - 1/3 constitucional | C43: =ROUND(1/3*1/12,5) -> 0.02778 | D43: =ROUND($D$14*C43,2) -> 33.34
A44: C.05 Abono de Férias - 1/3 constitucional sobre licença maternidade | C44: =ROUND(1/3*C35,5) -> 0.00013 | D44: =ROUND($D$14*C44,2) -> 0.16
A45: TOTAL - GRUPO C | C45: =ROUND(SUM(C40:C44),5) -> 0.06694 | D45: =ROUND(SUM(D40:D44),2) -> 80.33
A47: GRUPO D | C47: % | D47: Valor (R$)
A48: D.01 Incidência dos encargos do grupo A sobre o grupo B | C48: =ROUND(C26*C37,5) -> 0.07704 | D48: =ROUND($D$14*C48,2) -> 92.45
A49: TOTAL - GRUPO D | C49: =ROUND(SUM(C48),5) -> 0.07704 | D49: =ROUND(SUM(D48),2) -> 92.45
A51: GRUPO E | C51: % | D51: Valor (R$)
A52: E.01 Incidência do FGTS sobre o aviso prévio indenizado | C52: =ROUND(8%*C40,5) -> 0.00033 | D52: =ROUND($D$14*C52,2) -> 0.4
A53: E.02 Incidência do FGTS sobre o período médio de afastamento superior a 15 dias motivado por acidente do trabalho | C53: =ROUND(8%*C33,5) -> 4e-05 | D53: =ROUND($D$14*C53,2) -> 0.05
A54: E.03 Incidência de FGTS sobre férias 1/3 constitucional | C54: =ROUND(C19*C43,5) -> 0.00222 | D54: =ROUND($D$14*C54,2) -> 2.66
A55: TOTAL - GRUPO E | C55: =ROUND(SUM(C52:C54),5) -> 0.00259 | D55: =ROUND(SUM(D52:D54),2) -> 3.11
A57: GRUPO F | C57: % | D57: Valor (R$)
A58: F.01 Incidência dos encargos do Grupo A sobre os valores constantes da base de cálculo referente ao salário maternidade | C58: =ROUND(C26*(4/12)*2/100,5) -> 0.00265 | D58: =ROUND($D$14*C58,2) -> 3.18
A59: TOTAL - GRUPO F | C59: =ROUND(SUM(C58),5) -> 0.00265 | D59: =ROUND(SUM(D58),2) -> 3.18
A60: TOTAL - ENCARGOS SOCIAIS (R$) | C60: =ROUND(C26+C37+C45+C49+C55+C59,5) -> 0.74079 | D60: =ROUND(D26+D37+D45+D49+D55+D59,2) -> 888.96
A62: VALOR TOTAL DE REMUNERAÇÃO + ENCARGOS SOCIAIS (R$) | D62: =D14+D60 -> 2088.96
A64: SEÇÃO III - INSUMOS
A65: Insumos | D65: Valor (R$)
A66: Vale Refeição | D66: =ROUND(20.5*4,2) -> 82
A67: Desconto sobre o vale refeição (máximo 5% do vale refeição) | D67: =ROUND(($D$66*5%)*-1,2) -> -4.1
A68: Vale transporte | D68: =ROUND(3.8*2*4,2) -> 30.4
A69: TOTAL - INSUMOS (R$) | D69: =ROUND(SUM(D66:D68),2) -> 108.3
A71: TOTAL DE REMUNERAÇÃO + ENCARGOS SOCIAIS + INSUMOS (R$) | D71: =ROUND(D62+D69,2) -> 2197.26
A73: SEÇÃO IV - LDI E TRIBUTAÇÃO
A74: LUCRO E DESPESAS INDIRETAS (LDI) | C74: % | D74: Valor (R$)
A75: Despesas Administrativas/Operacionais | C75: 0 | D75: =ROUND(D71*C75,2) -> 0
A76: Lucro | C76: 0 | D76: =ROUND(D71*C76,2) -> 0
A77: TOTAL - LUCRO E DESPESAS INDIRETAS | C77: =ROUND(SUM(C75:C76),5) -> 0 | D77: =SUM(D75:D76) -> 0
A79: TOTAL DE REMUNERAÇÃO + ENCARGOS SOCIAIS + INSUMOS + INTRAJORNADA + LDI (R$) | D79: =ROUND(D71+D77,2) -> 2197.26
A81: BASE DE CÁLCULO PARA TRIBUTO | C81: =ROUND(1-(SUM(C84:C86)/1),5) -> 0.9135 | D81: =ROUND(D79/C81,2) -> 2405.32
A83: TRIBUTAÇÃO SOBRE FATURAMENTO | C83: % | D83: Valor (R$)
A84: ISS | C84: 0.05 | D84: =ROUND($D$81*C84,2) -> 120.27
A85: COFINS | C85: 0.03 | D85: =ROUND($D$81*C85,2) -> 72.16
A86: PIS | C86: 0.0065 | D86: =ROUND($D$81*C86,2) -> 15.63
A87: TOTAL - TRIBUTAÇÃO SOBRE FATURAMENTO | C87: =ROUND(SUM(C84:C86),5) -> 0.0865 | D87: =ROUND(SUM(D84:D86),2) -> 208.06
A89: PREÇO MENSAL PARA 1 (UM) EMPREGADO (R$) | D89: =ROUND(D79+D87,2) -> 2405.32
A91: VALORES - SERVIÇO EXTRAODINÁRIO
A92: PREÇO HOMEM HORA DE 1 (UM) EMPREGADO (R$) | D92: =ROUND(D89/220,2) -> 10.93
A93: HOMEM-HORA A 50% (R$) | D93: =ROUND((D92*50%)+D92,2) -> 16.4
A94: HOMEM-HORA A 100% (R$) | D94: =ROUND((D92*100%)+D92,2) -> 21.86
A96: Item | D96: %
A97: TOTAL - GRUPO A - ENCARGOS | D97: =C26 -> 0.398
A98: TOTAL - GRUPO B | D98: =C37 -> 0.19357
A99: TOTAL - GRUPO C | D99: =C45 -> 0.06694
A100: TOTAL - GRUPO D | D100: =C49 -> 0.07704
A101: TOTAL - GRUPO E | D101: =C55 -> 0.00259
A102: TOTAL - GRUPO F | D102: =C59 -> 0.00265
A103: TOTAL ENCARGOS SOCIAIS | D103: =ROUND(SUM(D97:D102),5) -> 0.74079
